 Dungeon Crawl Stone Soup version 0.31-a0-460-g9e667d4245 (webtiles) character file.

Game seed: 17776775225511690943

5649 kae the Mimic (level 10, -6/86 HPs)
             Began as a White Draconian Shapeshifter on Aug 4, 2023.
             Was a Believer of Ru.
             Mangled by Urug
             ... wielding a +2 battleaxe
              (17 damage)
             ... on level 10 of the Dungeon.
             The game lasted 00:08:42 (7867 turns).

kae the Mimic (White Draconian Shapeshifter)        Turns: 7867, Time: 00:08:43

Health: -6/86      AC: 15    Str: 18    XL:     10   Next: 46%
Magic:  10/10      EV: 15    Int:  8    God:    Ru [**....]
Gold:   675        SH:  0    Dex: 16    Spells: 9/9 levels left

rFire   . .          .
                       - Unarmed
rCold   + . .        (no shield)
rNeg    . . .        (body armour unavailable)
rPois   .            (helmet currently unavailable)
rElec   .            (cloak currently unavailable)
rCorr   .            (gloves currently unavailable)
SInv    .            (boots currently unavailable)
Will    .....        g - amulet of regeneration Stlth
                     O - +4 ring of protection
HPRegen 1.14/turn    o - +4 ring of protection
MPRegen 0.12/turn

%: no passive effects
@: short of breath, beast-form, unable to read
A: beast (slay +7), breathe frost, AC +7, unfitting armour, cold resistance 1,
cold-blooded, inability to read after injury 2, no stealth
a: Breathe Frost, Begin Untransformation, Renounce Religion


You were on level 10 of the Dungeon.
You worshipped Ru.
Ru was pleased with you.
You were a hulking beast.
You visited 2 branches of the dungeon, and saw 11 of its levels.
You also visited: Bailey.

You collected 675 gold pieces.


Innate Abilities, Weirdness & Mutations

You are a hulking beast.
Your limbs bulge with bestial killing power. (Slay +7)
You can breathe waves of freezing cold which knock back foes.
Your icy white scales are hard. (AC +7)
You cannot fit into any form of body armour.
Your flesh is cold resistant. (rC+)
You are cold-blooded and may be slowed by cold attacks.
You sometimes lose the ability to read scrolls when taking damage.
You cannot be stealthy.


   Skills:
 - Level 7.0 Fighting
 + Level 6.2 Dodging
 - Level 7.0 Unarmed Combat
 - Level 10.0 Shapeshifting


You had 9 spell levels left.
You didn't know any spells.
Your spell library contained the following spells:

 Spells                   Type           Power      Damage    Failure   Level
 Blink                    Tloc           0%         N/A       54%         2
 Lesser Beckoning         Tloc           0%         N/A       54%         2
 Momentum Strike          Conj/Tloc      0%         3d8       54%         2
 Dazzling Flash           Conj/Hex       0%         N/A       78%         3
 Agony                    Necr           0%         N/A       100%        5
 Silence                  Hex/Air        0%         N/A       100%        5
 Conjure Ball Lightning   Conj/Air       0%         3x3d6     100%        6
 Discord                  Hex            0%         N/A       100%        8
 Disjunction              Tloc           0%         N/A       100%        8

Inventory:

Missiles
 d - 80 stones
 m - 4 poisoned darts
 u - 3 darts of dispersal {=f!f}
 y - a curare-tipped dart {=f}
 z - 6 atropa-tipped darts
 A - 4 boomerangs
Magical Staves
 w - a staff of fire {!a}
   (You found it on level 5 of the Dungeon)
 D - a staff of air {!a}
   (You took it off an orc priest on level 10 of the Dungeon)
Jewellery
 g - an amulet of regeneration (around neck)
   (You found it on level 3 of the Dungeon)
 o - a +4 ring of protection (right hand)
   (You found it on level 8 of the Dungeon)
 v - a ring of see invisible
   (You found it on level 5 of the Dungeon)
 C - a ring of protection from cold
   (You found it on level 9 of the Dungeon)
 O - a +4 ring of protection (left hand)
   (You found it on level 3 of the Dungeon)
 R - a ring of resist corrosion
   (You found it on level 8 of the Dungeon)
 W - a ring of magical power
   (You found it on level 8 of the Dungeon)
Talismans
 b - a beast talisman (active)
Wands
 h - a wand of charming (11)
   (You found it on level 3 of the Dungeon)
 i - a wand of polymorph (7)
   (You found it on level 2 of the Dungeon)
 k - a wand of mindburst (15)
   (You found it on level 2 of the Dungeon)
 B - a wand of flame (8)
   (You found it on level 9 of the Dungeon)
Scrolls
 c - a scroll of fog
 n - 4 scrolls of teleportation {@r4}
Potions
 a - 4 potions of lignification {!q}
 e - 3 potions of attraction {!q}
 f - 2 potions of cancellation
 j - 5 potions of curing {@q1}
 l - 2 potions of might
 p - a potion of enlightenment
 q - a potion of haste {@q3}
 r - 3 potions of degeneration {!q}
 s - 2 potions of berserk rage {unknown}
 t - a potion of magic
 x - 2 potions of invisibility

Dungeon Overview and Level Annotations

Branches:
Dungeon (10/15) Zot: 26616  Temple (1/1) D:5 Zot: 5952  Bailey (visited)
   Lair: D:8-11         Orc: D:9-12

Altars:
Ashenzari
Cheibriados
Dithmenos
Fedhas
Gozag
Hepliaklqana
Kikubaaqudgha
Makhleb
Nemelex Xobeh
Okawaru
Qazlal
Ru
Sif Muna
Trog
Uskayaw
Vehumet
Wu Jian
Yredelemnul
Zin
The Shining One

Shops:
D:7 [

Annotations:
D:7 3 runed translucent doors, Takeo's ghost, novice OpSh
D:8 3 runed translucent doors, zero's ghost, novice TrSh
D:10 Urug

.................)........
###..##############.........
.....##############.......o.
............................
######......................
######..................
........................
........................
..###########...ho...... .
#...........
..................
...?..............
............######
##########..# #..# #..# .#


You could see Urug.


Message History

Unknown command.
A vampire mosquito is nearby!
A vampire mosquito is nearby!
The vampire mosquito buzzes angrily.
You hit the vampire mosquito. The vampire mosquito barely misses you.
The vampire mosquito bites you but does no damage.
You barely miss the vampire mosquito.
The vampire mosquito closely misses you.
The vampire mosquito barely misses you.
You punch the vampire mosquito! The vampire mosquito bites you.
The vampire mosquito draws strength from your injuries!
You hit the vampire mosquito.
The vampire mosquito completely misses you.
The vampire mosquito is stunned by your conviction and fails to attack. 😕 HP[-5]
You take 5 damage, and now have 81/86 hp.
You punch the vampire mosquito!
You destroy the vampire mosquito!
No target in view! 😕 HP[+1] 😕 HP[+1] No target in view!
No target in view!
Unknown command.
Urug is nearby!
Unknown command.
Urug is nearby!
Urug is nearby! 😎 HP[+3]
Your hp is fully restored (86).
Okay, then.
Urug shouts!
Urug throws a javelin.
The javelin closely misses you.
Aiming: Breathe Frost (3% risk of failure)
Press: ? - help, Shift-Dir - straight line, f - Urug
Aim: Urug, wielding a +2 battleaxe, wearing a +0 scale mail and quivering javelins (60% to hit)
You exhale a wave of freezing cold.
The freezing breath misses Urug.
You hit Urug. You tail-slap Urug, but do no damage.
Urug is stunned by your conviction and fails to attack.
You punch Urug!
Your tail-slap misses Urug.
Urug hits you but does no damage.
You hit Urug. Urug barely misses you.
You punch Urug! You hit Urug. Urug completely misses you.
You closely miss Urug.
Urug hits you with a +2 battleaxe!! 😕 HP[-19]
You take 19 damage, and now have 67/86 hp.
MASSIVE DAMAGE!! (PAUSE)
You closely miss Urug. Urug hits you with a +2 battleaxe!!
You feel threatened and lose the ability to read scrolls! 😮 HP[-17]
You take 17 damage, and now have 50/86 hp.
You hit Urug.
Urug barely misses you. 😮 HP[+1] Unknown command.
You hit Urug. You punch Urug, but do no damage.
Urug hits you with a +2 battleaxe!
* * * LOW HITPOINT WARNING * * *
You focus your inner power and blind Urug in retribution! 😨 HP[-14]
You take 14 damage, and now have 37/86 hp.
Unknown command.
You strike the helpless Urug from behind!
You hit Urug. Urug misses you. 😨 HP[+1]
You barely miss Urug. 😨 HP[+1]
You barely miss Urug. Urug misses you.
Unknown command. 😨 HP[+1]
You hit Urug. Urug barely misses you. 😨 HP[+1]
You completely miss Urug. Urug hits you with a +2 battleaxe.
* * * LOW HITPOINT WARNING * * *
😨 HP[-2]
You take 2 damage, and now have 39/86 hp.
Unknown command.
You barely miss Urug.
Urug is no longer blind.
Urug hits you with a +2 battleaxe.
* * * LOW HITPOINT WARNING * * *
😨 HP[-1]
You take 1 damage, and now have 38/86 hp.
You hit Urug. Urug hits you with a +2 battleaxe!
* * * LOW HITPOINT WARNING * * *
😨 HP[-11]
You take 11 damage, and now have 27/86 hp.
You hit Urug. You punch Urug. Urug hits you with a +2 battleaxe.
* * * LOW HITPOINT WARNING * * *
Unknown command.
You hit Urug. You tail-slap Urug! 😨 HP[+1]
You miss Urug. Urug hits you with a +2 battleaxe!!
* * * LOW HITPOINT WARNING * * *
😱 HP[-19]
You take 19 damage, and now have 9/86 hp.
MASSIVE DAMAGE!! (PAUSE)
You hit Urug.
Urug hits you but does no damage. 😱 HP[+1]
You completely miss Urug. You punch Urug, but do no damage.
Urug hits you with a +2 battleaxe!
You die...

Skill      XL: |  1  2  3  4  5  6  7  8  9 10 |
---------------+-------------------------------+-----
Shapeshifting  | 4 5 7 8 10 | 10.0
Unarmed Combat | 4 5 6 7 |  7.0
Fighting       | 7 |  7.0
Dodging        | 2 6 |  6.2

Action                     |  1- 3 |  4- 6 |  7- 9 | 10-12 || total
---------------------------+-------+-------+-------+-------++-------
  Melee: Unarmed           |    75 |   144 |   291 |   131 ||   641
         Tailslap          |     5 |    14 |    33 |    20 ||    72
         Punch             |     2 |     1 |    18 |     9 ||    30
 Invoke: Sacrifice Words   |       |       |     1 |       ||     1
         Sacrifice Stealth |       |       |     1 |       ||     1
Ability: Breathe Frost     |       |       |    11 |     3 ||    14
  Evoke: Wand              |       |     1 |       |       ||     1
    Use: Scroll            |     1 |    14 |     5 |     1 ||    21
         Potion            |       |       |       |     1 ||     1
   Stab: Sleeping          |     2 |     1 |       |       ||     3
         Distracted        |       |     1 |       |       ||     1
         Invisible         |       |       |     1 |     2 ||     3
 Armour: Skin              |    20 |    43 |   108 |    40 ||   211
  Dodge: Dodged            |    43 |    78 |   183 |    63 ||   367

Levels and vault maps discovered:
D:1:      dpeg_arrival_prison, layout_loops_cross, dk_noncrumbling_2
D:2:      layout_basic, uniq_jessica
D:3:      layout_basic, minmay_starry_boxes
D:4:      layout_cave_pools, nicolae_overflow_two_pavilions,
          nicolae_concentric_dashed_squares_wild, kennysheep_dice
D:5:      layout_loops_ring, minmay_temple_entry_tees, minmay_fire_ice_demons,
          uniq_menkaure
D:6:      layout_loops_cross
D:7:      layout_layer_cave, serial_bayou, serial_bayou_shore_b,
          serial_bayou_crossing, serial_bayou_pond_c, serial_bayou_pond_c,
          serial_shops, nicolae_shop_trees, biasface_ghost_orc_armoury,
          minmay_misc_feat_columns, minmay_misc_feat_ornament, uniq_joseph
D:8:      layout_loops_ring, cheibriados_altar_2, gammafunk_ghost_nasty_kobolds
D:9:      layout_loops_cross, nicolae_overflow_hidden_temple, serial_undead,
          serial_undead_f, serial_undead_f, serial_undead_c, serial_undead_f,
          enter_bailey_5
D:10:     layout_long_grid, elyvilon_altar_3, dpeg_lair_monsters, uniq_urug
Temple:   nicolae_temple_bog_church

Notes
Turn   | Place    | Note
-------+----------+-------------------------------------------
     0 | D:1      | kae the Draconian Shapeshifter began the quest for the Orb.
     0 | D:1      | Reached XP level 1. HP: 16/16 MP: 1/1
     0 | D:1      | magus.rc [v1.11.3]
   132 | D:1      | Reached XP level 2. HP: 23/23 MP: 2/2
   438 | D:1      | You pick up a book of the Senses and begin reading...
   438 | D:1      | You add the spells Dazzling Flash, Agony and Silence to
                  | your library.
   791 | D:2      | Noticed Jessica
   852 | D:2      | Killed Jessica
   853 | D:2      | Reached XP level 3. HP: 18/28 MP: 3/3
  1132 | D:2      | Reached skill level 4 in Shapeshifting
  1225 | D:2      | Reached XP level 4. HP: 28/35 MP: 4/4
  1659 | D:3      | Reached skill level 4 in Unarmed Combat
  1923 | D:3      | Reached XP level 5. HP: 21/40 MP: 5/5
  2079 | D:3      | You pick up a book of Spatial Translocations and begin
                  | reading...
  2079 | D:3      | You add the spells Blink, Momentum Strike and Lesser
                  | Beckoning to your library.
  2682 | D:4      | Noticed a phantom
  2688 | D:4      | Reached skill level 5 in Shapeshifting
  2696 | D:4      | Killed a phantom
  2697 | D:4      | Reached XP level 6. HP: 38/47 MP: 6/6
  2818 | D:4      | Identified the +7 orcbow of the Assorted Nightcaps {freeze,
                  | Will+}
  2991 | D:4      | Found a sparkling altar of Nemelex Xobeh.
  2991 | D:4      | Found a stormy altar of Qazlal.
  2997 | D:4      | Identified the +6 dire flail of Nuneuh {flame, *Noise
                  | Int+6}
  3244 | D:5      | Entered Level 5 of the Dungeon
  3327 | D:5      | Reached skill level 5 in Unarmed Combat
  3388 | D:5      | Your scales start taking on an icy white colour.
  3388 | D:5      | Reached XP level 7. HP: 26/52 MP: 7/7
  3388 | D:5      | Gained mutation: Your flesh is cold resistant. (rC+) [White
                  | Draconian growth]
  3468 | D:5      | Found a staircase to the Ecumenical Temple.
  3469 | D:5      | Noticed Menkaure
  3481 | D:5      | HP: 12/52 [??? (10)]
  3483 | D:5      | Killed Menkaure
  3484 | D:5      | Reached skill level 6 in Shapeshifting
  3488 | Temple   | Entered the Ecumenical Temple
  3522 | Temple   | Became a worshipper of Ru the Awakened
  4128 | D:6      | Reached skill level 6 in Unarmed Combat
  4160 | D:6      | Reached skill level 7 in Shapeshifting
  4160 | D:6      | Reached XP level 8. HP: 58/59 MP: 8/8
  4631 | D:6      | Gained mutation: You occasionally lose the ability to read
                  | scrolls when taking damage. [Ru sacrifice]
  4631 | D:6      | Gained mutation: You sometimes lose the ability to read
                  | scrolls when taking damage. [Ru sacrifice]
  4631 | D:6      | Reached * piety under Ru
  4862 | D:7      | Noticed Joseph
  4876 | D:7      | Killed Joseph
  4877 | D:7      | Reached skill level 7 in Unarmed Combat
  4877 | D:7      | Reached skill level 8 in Shapeshifting
  5029 | D:7      | Found Myidyhec's Antique Armour Shop.
  5144 | D:7      | Found a runed translucent gate.
  5145 | D:7      | Found a runed translucent gate.
  5147 | D:7      | Found a runed translucent gate.
  5150 | D:7      | Noticed Takeo's ghost (novice OpSh)
  5202 | D:7      | Reached XP level 9. HP: 60/64 MP: 9/9
  5264 | D:7      | Identified the +0 scale mail of the Hart {rF+}
  5642 | D:8      | Reached skill level 9 in Shapeshifting
  5738 | D:8      | Found a runed translucent gate.
  5740 | D:8      | Noticed zero's ghost (novice TrSh)
  5741 | D:8      | Noticed a kobold demonologist
  5742 | D:8      | Found a runed translucent gate.
  5743 | D:8      | Found a runed translucent gate.
  5749 | D:8      | Found a snail-covered altar of Cheibriados.
  5750 | D:8      | Noticed a torpor snail
  5750 | D:8      | Noticed a torpor snail
  5751 | D:8      | Noticed a torpor snail
  6274 | D:9      | Gained mutation: You cannot be stealthy. [Ru sacrifice]
  6274 | D:9      | Reached ** piety under Ru
  6384 | D:9      | Reached skill level 10 in Shapeshifting
  6384 | D:9      | Reached skill level 2 in Fighting
  6395 | D:9      | Found a flagged portal.
  6417 | D:9      | You pick up a book of Chaos and begin reading...
  6417 | D:9      | You add the spells Conjure Ball Lightning, Disjunction and
                  | Discord to your library.
  6424 | Bailey   | Entered a bailey
  6446 | Bailey   | Reached skill level 3 in Fighting
  6636 | Bailey   | Reached skill level 4 in Fighting
  6792 | Bailey   | Reached skill level 5 in Fighting
  6887 | Bailey   | Noticed an orc knight
  6930 | D:9      | Reached skill level 6 in Fighting
  6989 | D:9      | Noticed a purple ugly thing
  7000 | D:9      | Killed a purple ugly thing
  7001 | D:9      | Reached skill level 7 in Fighting
  7001 | D:9      | Reached skill level 2 in Dodging
  7001 | D:9      | Reached XP level 10. HP: 72/86 MP: 10/10
  7071 | D:9      | Reached skill level 3 in Dodging
  7153 | D:9      | Reached skill level 4 in Dodging
  7475 | D:10     | Entered Level 10 of the Dungeon
  7475 | D:10     | Noticed Urug
  7475 | D:10     | Noticed a gargoyle
  7487 | D:9      | HP: 13/86 [gargoyle/stone arrow (24)]
  7492 | D:9      | Killed a gargoyle
  7678 | D:10     | Reached skill level 5 in Dodging
  7759 | D:10     | Reached skill level 6 in Dodging
  7865 | D:10     | HP: 9/86 [Urug/+2 battleaxe (19)]
  7867 | D:10     | Mangled by Urug

Vanquished Creatures
  An ugly thing (D:9)
  Joseph (D:7)
  A gargoyle (D:9)
  2 unseen horror zombies (D:9)
  A komodo dragon (D:10)
  A steam dragon (D:8)
  2 vampire mosquitoes (D:10)
  Menkaure (D:5)
  A water moccasin (D:9)
  9 orc warriors
  3 centaurs
  2 phantoms
  A kobold brigand (D:6)
  4 bullfrogs
  A scorpion (D:5)
  7 wights (D:9)
  3 killer bees (D:9)
  2 howler monkeys
  An electric eel (D:9)
  A crimson imp (D:5)
  2 centaur zombies (D:9)
  A gnoll bouda (D:6)
  3 orc priests
  2 jellies
  5 iguanas
  Jessica (D:2)
  3 sleepcaps
  8 orc wizards
  2 howler monkey zombies (D:9)
  9 gnolls
  12 adders
  A shadow imp (D:6)
  4 white imps
  2 ufetubi
  2 worms
  A dart slug (D:4)
  46 orcs
  12 ball pythons
  7 endoplasms
  4 giant cockroaches
  8 goblins
  6 hobgoblins
  6 jackals
  3 quokkas
  3 bats
  A frilled lizard (D:1)
  7 kobolds
  7 rats
213 creatures vanquished.

Vanquished Creatures (collateral kills)
  A jelly (D:5)
  A gnoll (D:5)
2 creatures vanquished.

Grand Total: 215 creatures vanquished

Table legend:
 A = Non-vault XP
 B = Vault XP
 C = Vault XP percentage of total XP
 D = Non-vault monster count
 E = Vault monster count
 F = Vault count percentage of total count
                 A         B        C        D         E       F
            +---------+---------+-------+---------+---------+-------
      Total |    5434 |    2636 |  32.7 |     161 |      54 |  25.1
            +---------+---------+-------+---------+---------+-------
        D:1 |      23 |       6 |  20.7 |      14 |       5 |  26.3
        D:2 |      73 |      37 |  33.6 |      16 |       1 |   5.9
        D:3 |     135 |       7 |   4.9 |      18 |       4 |  18.2
        D:4 |     232 |      17 |   6.8 |      16 |       3 |  15.8
        D:5 |     310 |     230 |  42.6 |      17 |       3 |  15.0
        D:6 |     873 |       0 |   0.0 |      30 |       0 |   0.0
        D:7 |     434 |     439 |  50.3 |       8 |       1 |  11.1
        D:8 |     608 |       0 |   0.0 |      13 |       0 |   0.0
        D:9 |    1586 |    1183 |  42.7 |      15 |      14 |  48.3
       D:10 |    1160 |       0 |   0.0 |      14 |       0 |   0.0
     Bailey |       0 |     717 | 100.0 |       0 |      23 | 100.0
            +---------+---------+-------+---------+---------+-------

Skill      XL: |  1  2  3  4  5  6  7  8  9 10 |
---------------+-------------------------------+-----
Shapeshifting  | 4 5 7 8 10 | 10.0
Unarmed Combat | 4 5 6 7 |  7.0
Fighting       | 7 |  7.0
Dodging        | 2 6 |  6.2

Action                     |  1- 3 |  4- 6 |  7- 9 | 10-12 || total
---------------------------+-------+-------+-------+-------++-------
  Melee: Unarmed           |    75 |   144 |   291 |   131 ||   641
         Tailslap          |     5 |    14 |    33 |    20 ||    72
         Punch             |     2 |     1 |    18 |     9 ||    30
 Invoke: Sacrifice Words   |       |       |     1 |       ||     1
         Sacrifice Stealth |       |       |     1 |       ||     1
Ability: Breathe Frost     |       |       |    11 |     3 ||    14
  Evoke: Wand              |       |     1 |       |       ||     1
    Use: Scroll            |     1 |    14 |     5 |     1 ||    21
         Potion            |       |       |       |     1 ||     1
   Stab: Sleeping          |     2 |     1 |       |       ||     3
         Distracted        |       |     1 |       |       ||     1
         Invisible         |       |       |     1 |     2 ||     3
 Armour: Skin              |    20 |    43 |   108 |    40 ||   211
  Dodge: Dodged            |    43 |    78 |   183 |    63 ||   367

Illustrated notes

Table legend:
 A = Kills in this place as a percentage of kills in the entire game.
 B = Kills by you in this place as a percentage of kills by you in the entire game.
 C = Kills by friends in this place as a percentage of kills by friends in the entire game.
 D = Other kills in this place as a percentage of other kills in the entire game.
 E = Experience gained in this place as a percentage of experience gained in the entire game.
 F = Experience gained in this place divided by the number of levels of this place that you have seen.
                   A       B       C       D       E      F
               +-------+-------+-------+-------+-------+----------------------
         Total | 100.0 | 100.0 | 100.0 |   N/A | 100.0 | 672.5
       Dungeon |  89.3 |  89.2 | 100.0 |   N/A |  91.1 | 735.3
        Bailey |  10.7 |  10.8 |   0.0 |   N/A |   8.9 | 717.0
               +-------+-------+-------+-------+-------+----------------------

Table legend: (Time is in decaauts)
 A = Elapsed time spent in this place.
 B = Non-inter-level travel time spent in this place.
 C = Inter-level travel time spent in this place.
 D = Time resting spent in this place.
 E = Time spent auto-exploring this place.
 F = Levels seen in this place.
 G = Mean time per level.
                   A        B        C        D        E       F      G
               +--------+--------+--------+--------+--------+-----+--------+
         Total |   7844 |   7469 |    375 |    464 |   5484 |  12 |  653.7 |
       Dungeon |   7318 |   6966 |    352 |    291 |   5345 |  10 |  731.8 |
        Temple |     47 |     25 |     22 |     23 |      0 |   1 |   47.0 |
        Bailey |    478 |    478 |      0 |    150 |    138 |   1 |  478.0 |
               +--------+--------+--------+--------+--------+-----+--------+

Top non-repeatable levels by time:
     D:3: 988 daAuts
     D:7: 905 daAuts
     D:9: 905 daAuts
     D:1: 838 daAuts
     D:2: 798 daAuts
     D:5: 788 daAuts
     D:8: 619 daAuts
     D:6: 619 daAuts
     D:4: 614 daAuts
  Bailey: 478 daAuts
    D:10: 240 daAuts
  Temple: 47 daAuts
